 Dungeon Crawl Stone Soup version 0.23.2-33-g5129a83184 (webtiles) character file.

Game seed: 15936802098914095870

352787 troglodite the Omniscient (level 22, -11/173 HPs)
             Began as a Gnoll Skald on July 18, 2019.
             Was the Champion of Ashenzari.
             Killed from afar by a storm dragon (31 damage)
             ... with a bolt of lightning
             ... on level 5 of the Vaults on July 20, 2019.
             The game lasted 03:33:48 (65473 turns).

troglodite the Omniscient (Gnoll Skald)            Turns: 65473, Time: 03:33:48

Health: -11/173    AC: 40    Str: 16    XL:     22   Next: 26%
Magic:  39/40      EV: 12    Int: 22    God:    Ashenzari [******]
Gold:   396        SH: 21    Dex: 23    Spells: 28/50 levels left

rFire    + + +     SeeInvis +   D - +8 spear (elec) (curse)
rCold    + + .     Gourm    .   T - +2 shield of Resistance {rF+ rC+ MR+} (curse)
rNeg     . . .     Faith    .   K - +3 gold dragon scales (curse)
rPois    +         Spirit   .   U - +2 helmet (curse)
rElec    .         Reflect  +   r - +2 cloak {+Inv} (curse)
rCorr    .         Harm     .   S - +0 pair of gloves (curse)
MR       ++...     Clarity  +   H - +2 pair of boots (curse)
Stlth    ..........             F - +4 amulet of reflection (curse)
HPRegen  1.38/turn              N - ring of the Forgotten Dances {rF++ Int+2 Dex+2 Slay+2 SInv} (curse)
MPRegen  0.27/turn              v - ring of the Octopus King {AC+1 EV+1 Str+1 Int+1 Dex+1 SInv} (curse)

@: regenerating (expiring)
A: distributed training, fangs 1, strong nose
}: 2/15 runes: decaying, gossamer
a: Curse Item, Scrying, Renounce Religion, Evoke Invisibility


You were on level 5 of the Vaults.
You worshipped Ashenzari.
Ashenzari was exalted by your worship.
You were not hungry.

You visited 7 branches of the dungeon, and saw 37 of its levels.
You visited 1 bazaar.
You also visited: Ice Cave and Volcano.

You collected 3787 gold pieces.
You spent 3391 gold pieces at shops.

Inventory:

Hand Weapons
 y - the +10 hunting sling "Dragonbane" {velocity, rElec Str+4 Dex+2}
   (You found it on level 6 of the Dungeon)

   Any stone fired from it inflicts extra damage.
   It affects your strength (+4).
   It affects your dexterity (+2).
   It insulates you from electricity.
 D - a cursed +8 spear of electrocution (weapon)
Missiles
 z - 196 sling bullets
 A - 842 stones (quivered)
Armour
 r - a cursed +2 cloak of invisibility (worn)
 H - a cursed +2 pair of boots (worn)
 K - cursed +3 gold dragon scales (worn)
 S - a cursed +0 pair of gloves (worn)
 T - the cursed +2 shield of Resistance (worn) {rF+ rC+ MR+}
   (You bought it in a shop on level 2 of the Vaults)

   It protects you from fire.
   It protects you from cold.
   It affects your resistance to hostile enchantments.
   It has a curse placed upon it.
 U - a cursed +2 helmet (worn)
Jewellery
 v - a cursed ring of the Octopus King (right hand) {AC+1 EV+1 Str+1 Int+1 Dex+1 SInv}
   (You bought it in a shop on level 5 of the Dungeon)

   [ring of see invisible]

   It affects your AC (+1).
   It affects your evasion (+1).
   It affects your strength (+1).
   It affects your intelligence (+1).
   It affects your dexterity (+1).
   It lets you see invisible.
   It has a curse placed upon it.
 F - a cursed +4 amulet of reflection (around neck)
 N - the cursed ring of the Forgotten Dances (left hand) {rF++ Int+2 Dex+2 Slay+2 SInv}
   (You bought it in a shop on level 14 of the Dungeon)

   [ring of dexterity]

   It affects your intelligence (+2).
   It affects your dexterity (+2).
   It affects your accuracy and damage with ranged weapons and melee attacks
   (+2).
   It greatly protects you from fire.
   It lets you see invisible.
   It has a curse placed upon it.
Wands
 k - a wand of iceblast (12)
 p - a wand of acid (18)
 E - a wand of flame (57)
 G - a wand of random effects (44)
 Q - a wand of paralysis (7)
 R - a wand of enslavement (12)
 Y - a wand of digging (6)
Scrolls
 a - a scroll of summoning
 b - 3 scrolls of silence
 c - 3 scrolls of teleportation
 e - 7 scrolls of fear
 g - 22 scrolls of identify
 h - 7 scrolls of blinking
 q - 4 scrolls of amnesia
 u - 3 scrolls of magic mapping
 w - 8 scrolls of fog
 x - 4 scrolls of remove curse
 B - a scroll of holy word
 C - 2 scrolls of brand weapon
Potions
 f - 2 potions of heal wounds
 i - 2 potions of haste
 j - 6 potions of ambrosia
 l - 12 potions of curing
 n - 3 potions of agility
 o - 6 potions of brilliance
 s - 4 potions of might
 t - 5 potions of flight
 J - 4 potions of magic
 L - 3 potions of lignification
 O - 2 potions of resistance
 P - a potion of berserk rage {unknown}
 W - 7 potions of mutation
 X - a potion of invisibility
Comestibles
 d - 30 rations


   Skills:
 + Level 14.7 Fighting
 + Level 14.1 Short Blades
 + Level 14.1 Long Blades
 + Level 14.1 Axes
 + Level 14.1 Maces & Flails
 + Level 14.7(18.7) Polearms
 + Level 14.1 Staves
 + Level 14.1 Slings
 + Level 14.1 Bows
 + Level 14.1 Crossbows
 + Level 14.1 Throwing
 + Level 14.3(19.6) Armour
 + Level 14.7 Dodging
 + Level 14.1 Stealth
 + Level 14.1(16.7) Shields
 + Level 14.1 Unarmed Combat
 + Level 14.8 Spellcasting
 + Level 12.1(16.2) Conjurations
 + Level 12.1(16.2) Hexes
 + Level 13.1(17.2) Charms
 + Level 12.1(16.2) Summonings
 + Level 12.1(16.2) Necromancy
 + Level 12.1(16.2) Translocations
 + Level 12.1(16.2) Transmutations
 + Level 12.1(16.2) Fire Magic
 + Level 12.1(16.2) Ice Magic
 + Level 12.1(16.2) Air Magic
 + Level 12.1(16.2) Earth Magic
 + Level 12.1(16.2) Poison Magic
 + Level 15.2 Invocations
 + Level 14.1(18.1) Evocations


You had 28 spell levels left.
You knew the following spells:

 Your Spells              Type           Power        Failure   Level  Hunger
a - Infusion              Chrm           ####         1%          1    None
b - Spectral Weapon       Hex/Chrm       ######..     1%          3    None
c - Regeneration          Chrm/Necr      ######....   1%          3    None
d - Searing Ray           Conj           ######       1%          2    None
e - Stone Arrow           Conj/Erth      ######       1%          3    None
f - Passwall              Tmut/Erth      ######..     1%          2    None
g - Summon Mana Viper     Hex/Summ       ######..     8%          5    ###....
h - Confuse               Hex            ######..     1%          3    None

Your spell library contained the following spells:

 Spells                   Type           Power        Failure   Level  Hunger
 Animate Skeleton         Necr           N/A          1%          1    None
 Apportation              Tloc           ######       1%          1    None
 Beastly Appendage        Tmut           ######       1%          1    None
 Confusing Touch          Hex            ######       1%          1    None
 Corona                   Hex            ######.      1%          1    None
 Flame Tongue             Conj/Fire      #####        1%          1    None
 Magic Dart               Conj           ####         1%          1    None
 Sandblast                Erth           ######       1%          1    None
 Summon Butterflies       Summ           ######..     1%          1    None
 Summon Small Mammal      Summ           ####         1%          1    None
 Shroud of Golubria       Chrm/Tloc      ######....   1%          2    None
 Slow                     Hex            ######..     1%          2    None
 Song of Slaying          Chrm           #######.     1%          2    None
 Sticks to Snakes         Tmut           ######..     1%          2    None
 Throw Flame              Conj/Fire      ######       1%          2    None
 Call Canine Familiar     Summ           ######..     1%          3    None
 Conjure Flame            Conj/Fire      ######..     1%          3    None
 Dazzling Spray           Conj/Hex       ######       1%          3    None
 Gell's Gravitas          Tloc           ######....   1%          3    None
 Inner Flame              Hex/Fire       ######..     1%          3    None
 Portal Projectile        Hex/Tloc       ######       1%          3    None
 Spider Form              Tmut/Pois      ######....   1%          3    None
 Cause Fear               Hex            ######....   2%          4    None
 Force Lance              Conj/Tloc      ######..     2%          4    None
 Fulminant Prism          Conj/Hex       ######....   2%          4    None
 Ice Form                 Ice/Tmut       ######..     2%          4    None
 Iskenderun's Mystic Bla  Conj           ######..     2%          4    None
 Leda's Liquefaction      Hex/Erth       ######....   2%          4    None
 Petrify                  Tmut/Erth      ######..     2%          4    None
 Sticky Flame             Conj/Fire      ######..     2%          4    None
 Summon Ice Beast         Ice/Summ       ######..     2%          4    None
 Blade Hands              Tmut           ######....   8%          5    ###....
 Bolt of Magma            Conj/Fire/Erth ######....   8%          5    ###....
 Fireball                 Conj/Fire      ######....   8%          5    ###....
 Lee's Rapid Deconstruct  Erth           ######....   8%          5    ###....
 Metabolic Englaciation   Hex/Ice        ######....   8%          5    ###....
 Silence                  Hex/Air        ######....   8%          5    ###....
 Yara's Violent Unravell  Hex/Tmut       ######....   8%          5    ###....
 Deflect Missiles         Chrm/Air       ######....   34%         6    #####..
 Statue Form              Tmut/Erth      ######...    38%         6    #####..
 Summon Hydra             Summ           ######....   93%         7    ######.
 Discord                  Hex            ######....   100%        8    #######


Dungeon Overview and Level Annotations

Branches:
Dungeon (15/15)            Temple (1/1) D:7            Lair (6/6) D:8
  Swamp (4/4) Lair:3       Spider (4/4) Lair:3        Slime (0/5) Lair:5
    Orc (2/2) D:11            Elf (0/3) Orc:2        Vaults (5/5) D:13
  Crypt (0/3) Vaults:2     Depths (0/5) D:15

Altars:
Ashenzari
Cheibriados
Dithmenos
Elyvilon
Fedhas
Gozag
Hepliaklqana
Kikubaaqudgha
Makhleb
Nemelex Xobeh
Okawaru
Qazlal
Ru
Sif Muna
Trog
Uskayaw
Vehumet
Wu Jian
Xom
Yredelemnul
Zin
The Shining One
Beogh
Jiyva

Shops:
D:5 [(=!*   D:6 ?   D:9 ?   D:10 !   D:14 =   D:15 (   Orc:2 **=?   Vaults:1 =
Vaults:2 [

Portals:
Trove: Vaults:3 (give 4 potions of resistance)

Annotations:
Lair:6 1 runed translucent door, Verendum's ghost, journeyman MfAK
Swamp:2 3 runed translucent doors, Sassenached's ghost, journeyman OgEE
Spider:2 Asterion
Orc:1 2 runed translucent doors, Frank's ghost, journeyman DsFi


Innate Abilities, Weirdness & Mutations

Your experience applies equally to all skills.
You have very sharp teeth.
Your uncanny sense of smell can sniff out nearby items.


Message History

The tengu reaver casts a spell.
The tengu reaver conjures a globe of magical energy!
The vault sentinel blows a loud note on a signal horn!
You hear a shout! x2; You hear two shouts!
You hear a shout! x2
You hear two shouts! x4; You hear a shout!
A battlesphere comes into view.
A quicksilver dragon comes into view.
The storm dragon bites you.
* * * LOW HITPOINT WARNING * * *
You block the storm dragon's attack. x2
The quicksilver dragon roars deafeningly!
You hear a shout!
The quicksilver dragon breathes dispelling energy at you.
The bolt of dispelling energy hits you!!
You feel strangely stable.
Your magical effects are unravelling.
* * * LOW HITPOINT WARNING * * *
The storm dragon breathes lightning at you.
The bolt of lightning hits you!!
You die...

,, *, , ** ,* ,,,*,,* ,, ,
*, ,..#* ,, * ,, , * , ,,
* ,,...#*∆∆∆∆ * , ,, * , *
,.D..# ∆∆ {,,, *,,* ,,,
*...p.#* ∆ , ,,*,, ,,,,,
,*#.....#*∆∆ , ,*, ,, ,,
,,*#.....##∆ ,,,, ,, , ,,
*#.....## ,,, , ,, , ,*
*#...@.## , * , , ,,
##{)##...Q.##,{,, ,
,,##).)%##..D..#*{,∆ ,* ,
, ##......##..*C.#*∆∆*,,*
, ...##........##.....# ∆
∆..##.......{..##.....#**
..##............##..(..#*,
..##...........e., #.(...#
..#....eC.D......,{
#....#, *


You could see a storm dragon, a quicksilver dragon, a stone giant, a tengu
reaver, a vault sentinel and a battlesphere.

Vanquished Creatures
  Xtahua (Vaults:4)
  A tentacled monstrosity (Swamp:1)
  A lich (Vaults:1)
  Jorgrun (Spider:3)
  An Ice Fiend (IceCv)
  Rupert (D:12)
  Gastronok (D:9)
  2 thorn hunters
  2 sphinxes
  Roxanne (Spider:3)
  2 fire giants
  10 vault wardens
  4 ghost moths
  2 frost giants
  2 deep elf sorcerers
  An orc warlord (Vaults:3)
  5 emperor scorpions
  2 very ugly things
  13 ironheart preservers
  8 stone giants
  6 entropy weavers
  2 spark wasps
  3 ettins
  5 fire dragons
  Josephine (D:11)
  2 great orbs of eyes
  5 yaktaur captains
  17 hydras
  17 ogre magi
  3 ice dragons
  22 vault guards
  The ghost of Statics the Covered, a journeyman GnWn of Qazlal (D:10)
  A rakshasa (Vaults:2)
  A shambling mangrove (Swamp:4)
  A catoblepas (D:14)
  3 death knights
  3 centaur warriors
  2 ghost crabs
  2 dancing weapons (D:13)
  21 alligators
  47 two-headed ogres
  A tengu warrior (D:14)
  A queen ant (Lair:2)
  A deep troll earth mage (Vaults:3)
  3 orc high priests (Orc:2)
  2 spriggan berserkers (Swamp:4)
  Nergalle (D:12)
  A hell knight (Volcano)
  A sun demon (Volcano)
  4 deep elf knights
  13 skeletal warriors
  A fire crab (shapeshifter) (Vaults:4)
  A storm dragon skeleton (Vaults:2)
  A spriggan druid (Swamp:4)
  A shadow wraith (Vaults:4)
  5 deep trolls
  An unseen horror (Vaults:1)
  2 glowing orange brains (Vaults:1)
  4 wizards
  2 flayed ghosts (Vaults:4)
  6 deep elf archers
  6 swamp dragons
  The ghost of fatnat the Cleaver, a novice MiBe of Trog (D:6)
  3 necromancers
  13 ironbrand convokers
  3 phantasmal warriors
  2 lindwurms
  A wolf spider zombie (D:15)
  46 ugly things
  12 orb spiders
  7 orc knights
  5 orc sorcerers
  31 wolf spiders
  7 deep elf magi
  5 cyclopes
  10 elephants (Lair:4)
  3 moths of wrath
  2 manticores
  A fire giant skeleton (Vaults:2)
  5 black mambas
  3 ice statues (IceCv)
  4 molten gargoyles
  A black mamba (shapeshifter) (Vaults:2)
  A stone giant skeleton (Vaults:2)
  6 vault sentinels
  3 gargoyles
  15 spiny frogs
  4 centaur skeletons
  23 yaktaurs
  A komodo dragon (shapeshifter) (Vaults:3)
  7 komodo dragons
  2 anaconda simulacra (IceCv)
  11 ice devils (IceCv)
  2 freezing wraiths
  13 rime drakes
  18 demonic crawlers
  A yaktaur skeleton (Vaults:2)
  A troll (shapeshifter) (Vaults:3)
  9 human skeletons (Vaults:2)
  A jumping spider (shapeshifter) (Vaults:3)
  A queen bee (Spider:1)
  A red devil (Volcano)
  30 jumping spiders
  17 hornets
  8 trolls
  6 meliai
  A harpy skeleton (D:15)
  10 tyrant leeches
  9 bog bodies
  7 hippogriffs
  2 raiju (shapeshifter)
  21 slime creatures
  21 blink frogs
  2 hippogriffs (shapeshifter) (Vaults:3)
  13 dream sheep (Lair:6)
  A meliai zombie (D:14)
  2 shadows
  2 centaur simulacra (D:15)
  77 redbacks
  7 spriggans
  Sigmund (D:4)
  9 wraiths
  58 yaks
  30 tarantellas
  A dire elephant simulacrum (IceCv)
  2 ettin skeletons (Vaults:2)
  2 fire bats (Volcano)
  2 wyverns
  5 basilisks
  A human simulacrum (Vaults:1)
  12 vampire mosquitoes
  13 steam dragons
  22 swamp worms
  3 wargs (D:11)
  4 harpy simulacra (IceCv)
  3 insubstantial wisps (Swamp:4)
  A hydra simulacrum (IceCv)
  5 soldier ants (Lair:2)
  6 water moccasins
  2 acid dragons
  A hell hound (Volcano)
  7 porcupines
  24 orc warriors
  3 ice beasts
  A sky beast (D:15)
  A phantom (D:12)
  18 swamp drakes
  3 boggarts (Vaults:3)
  46 ogres
  2 ettin simulacra (IceCv)
  An eye of draining (D:13)
  4 wolves (Lair:3)
  2 centaurs
  13 crocodiles
  3 big kobolds
  16 bullfrogs
  A deep troll simulacrum (Vaults:2)
  4 scorpions
  An elf simulacrum (Vaults:2)
  14 killer bees
  9 wights
  13 electric eels
  2 howler monkeys (D:4)
  9 lava snakes
  3 crimson imps
  5 centaur zombies
  2 quasits
  3 bullfrog zombies
  5 jellies
  Crazy Yiuf (D:4)
  A gnoll shaman (D:11)
  8 hounds
  15 orc priests
  27 orc wizards
  4 bullfrog skeletons
  3 iguanas
  6 hell rats (Lair:5)
  41 worker ants
  A hound zombie (D:5)
  3 worker ant zombies
  14 adders
  2 gnolls (Orc:1)
  4 shadow imps
  An adder skeleton (D:6)
  6 worms
  5 dart slugs
  5 leopard geckos
  63 orcs
  9 giant cockroaches
  9 goblins
  6 hobgoblins
  7 jackals
  3 quokkas
  11 bats
  7 frilled lizards
  A jackal skeleton (D:5)
  A jackal zombie (D:5)
  16 kobolds
  A quokka skeleton (D:3)
  5 rats
  A fungus (Lair:6)
1490 creatures vanquished.

Vanquished Creatures (collateral kills)
  An ogre mage (Vaults:2)
1 creature vanquished.

Vanquished Creatures (others)
  2 stone giants (Vaults:4)
  2 yaktaur captains
  3 centaur warriors
  2 deep elf archers (Vaults:3)
  A cyclops (Vaults:2)
  A vault sentinel (Vaults:2)
  6 yaktaurs
  A slime creature (Lair:3)
  A redback (Spider:4)
  An ogre (Vaults:4)
  A wight (D:15)
  An iguana (Lair:6)
  A gnoll (Orc:1)
  An adder (D:11)
  A shadow imp (D:11)
  2 orcs
  2 briar patches (Swamp:2)
  A fungus (Lair:4)
  26 plants
  53 spectral weapons
109 creatures vanquished.

Grand Total: 1600 creatures vanquished

Notes
Turn   | Place    | Note
-------+----------+-------------------------------------------
     0 | D:1      | troglodite the Gnoll Skald began the quest for the Orb.
     0 | D:1      | Reached XP level 1. HP: 20/20 MP: 6/6
   138 | D:1      | Reached XP level 2. HP: 22/26 MP: 7/7
   267 | D:1      | Reached XP level 3. HP: 23/31 MP: 9/9
   272 | D:1      | Learned a level 3 spell: Spectral Weapon
   276 | D:1      | Learned a level 3 spell: Regeneration
   335 | D:1      | Reached skill level 5 in Spellcasting
   684 | D:2      | Reached skill level 1 in Invocations
   955 | D:2      | Reached skill level 1 in Short Blades
   955 | D:2      | Reached skill level 1 in Long Blades
   955 | D:2      | Reached skill level 1 in Axes
   955 | D:2      | Reached skill level 1 in Maces & Flails
   955 | D:2      | Reached skill level 1 in Staves
   955 | D:2      | Reached skill level 1 in Slings
   955 | D:2      | Reached skill level 1 in Bows
   955 | D:2      | Reached skill level 1 in Crossbows
   955 | D:2      | Reached skill level 1 in Throwing
   955 | D:2      | Reached skill level 1 in Stealth
   955 | D:2      | Reached skill level 1 in Shields
   955 | D:2      | Reached skill level 1 in Unarmed Combat
   955 | D:2      | Reached skill level 1 in Evocations
   955 | D:2      | Reached XP level 4. HP: 20/38 MP: 1/11
  1445 | D:2      | Found a hide-covered altar of Uskayaw.
  1521 | D:2      | Reached skill level 1 in Conjurations
  1521 | D:2      | Reached skill level 1 in Hexes
  1521 | D:2      | Reached skill level 1 in Summonings
  1521 | D:2      | Reached skill level 1 in Necromancy
  1521 | D:2      | Reached skill level 1 in Translocations
  1521 | D:2      | Reached skill level 1 in Transmutations
  1521 | D:2      | Reached skill level 1 in Fire Magic
  1521 | D:2      | Reached skill level 1 in Ice Magic
  1521 | D:2      | Reached skill level 1 in Air Magic
  1521 | D:2      | Reached skill level 1 in Earth Magic
  1521 | D:2      | Reached skill level 1 in Poison Magic
  2137 | D:3      | Reached XP level 5. HP: 43/43 MP: 12/12
  2223 | D:3      | Noticed an ogre
  2248 | D:3      | Killed an ogre
  2248 | D:3      | Reached skill level 2 in Invocations
  2248 | D:3      | Reached XP level 6. HP: 27/50 MP: 7/13
  2618 | D:3      | Found a glowing silver altar of Zin.
  3278 | D:4      | Reached skill level 5 in Fighting
  3278 | D:4      | Reached skill level 5 in Polearms
  3278 | D:4      | Reached skill level 5 in Dodging
  3399 | D:4      | Reached XP level 7. HP: 23/56 MP: 15/15
  3666 | D:4      | Found a shattered altar of Ashenzari.
  3690 | D:4      | Found a glowing golden altar of the Shining One.
  3724 | D:4      | Became a worshipper of Ashenzari the Shackled
  3779 | D:4      | Found a runed translucent door.
  3780 | D:4      | Noticed Crazy Yiuf
  3800 | D:4      | Killed Crazy Yiuf
  3937 | D:4      | Found a snail-covered altar of Cheibriados.
  4064 | D:4      | Noticed Sigmund
  4075 | D:4      | Killed Sigmund
  4335 | D:5      | Entered Level 5 of the Dungeon
  4340 | D:5      | Found Mumyamm's Jewellery Shoppe.
  4519 | D:5      | Found Wuoshrel's Distillery.
  4524 | D:5      | Bought a potion of heal wounds for 70 gold pieces
  4524 | D:5      | Bought a potion of curing for 42 gold pieces
  4548 | D:5      | Found Wisch's Assorted Antiques.
  4561 | D:5      | Reached skill level 3 in Invocations
  4704 | D:5      | Reached XP level 8. HP: 26/63 MP: 16/16
  4920 | D:5      | Found Zuuvuis's Antique Weapon Shop.
  5175 | D:5      | Reached * piety under Ashenzari
  5214 | D:5      | Found Toimoxt's Armour Shoppe.
  5659 | D:5      | Bought a ring of the Octopus King for 135 gold pieces
  5659 | D:5      | Found the ring of the Octopus King {AC+1 EV+1 Str+1 Int+1
                  | Dex+1 SInv}
  5659 | D:5      | Found the ring of the Octopus King {AC+1 EV+1 Str+1 Int+1
                  | Dex+1 SInv}
  5686 | D:6      | Found Aguhapp's Magic Scroll Shop.
  6059 | D:6      | Found a runed translucent door.
  6104 | D:6      | Got the hunting sling "Dragonbane" {velocity, rElec Str+4
                  | Dex+2}
  6108 | D:6      | Identified the +1 robe of Daffodils {Str+3 SInv}
  6306 | D:6      | Reached skill level 4 in Invocations
  6604 | D:6      | Found a runed translucent door.
  6627 | D:6      | Noticed fatnat's ghost (novice MiBe)
  6654 | D:6      | Reached XP level 9. HP: 52/69 MP: 16/18
  6910 | D:7      | Reached ** piety under Ashenzari
  7159 | D:7      | Found a deep blue altar of Sif Muna.
  7173 | D:7      | Found a hazy altar of Hepliaklqana.
  7240 | D:7      | Noticed a troll
  7643 | D:7      | Killed a troll
  7921 | D:7      | Reached skill level 5 in Armour
  8096 | D:7      | Found a staircase to the Ecumenical Temple.
  8103 | Temple   | Entered the Ecumenical Temple
  8456 | D:7      | Identified the +10 hunting sling "Dragonbane" {velocity,
                  | rElec Str+4 Dex+2} (You found it on level 6 of the Dungeon)
  8513 | D:8      | Found a staircase to the Lair.
  8735 | D:8      | Reached *** piety under Ashenzari
  8785 | D:8      | Found a shimmering altar of Xom.
  8785 | D:8      | Found a shimmering altar of Xom.
  8791 | D:8      | Found a shimmering altar of Xom.
  8791 | D:8      | Found a shimmering altar of Xom.
  8791 | D:8      | Found a shimmering altar of Xom.
  8792 | D:8      | Found a shimmering altar of Xom.
  8793 | D:8      | Identified the +9 mace "Ycvo" {crush, Int+3}
  8826 | D:8      | Reached skill level 5 in Invocations
  8828 | D:8      | Found a shimmering altar of Xom.
  8845 | D:8      | Found a shimmering altar of Xom.
  9154 | D:8      | Noticed a jumping spider
  9155 | D:8      | Noticed a merfolk
  9176 | D:8      | a jumping spider changed into a spriggan
  9264 | D:6      | Bought a scroll of remove curse for 33 gold pieces
  9264 | D:6      | Bought a scroll of enchant armour for 82 gold pieces
  9264 | D:6      | Bought a scroll of remove curse for 33 gold pieces
  9494 | D:9      | Found an ornate altar of the Wu Jian Council.
  9601 | D:9      | Noticed Gastronok
  9608 | D:9      | Reached XP level 10. HP: 48/77 MP: 16/20
  9621 | D:9      | Killed Gastronok
  9621 | D:9      | Reached skill level 5 in Short Blades
  9621 | D:9      | Reached skill level 5 in Long Blades
  9621 | D:9      | Reached skill level 5 in Axes
  9621 | D:9      | Reached skill level 5 in Maces & Flails
  9621 | D:9      | Reached skill level 5 in Staves
  9621 | D:9      | Reached skill level 5 in Slings
  9621 | D:9      | Reached skill level 5 in Bows
  9621 | D:9      | Reached skill level 5 in Crossbows
  9621 | D:9      | Reached skill level 5 in Throwing
  9621 | D:9      | Reached skill level 5 in Stealth
  9621 | D:9      | Reached skill level 5 in Shields
  9621 | D:9      | Reached skill level 5 in Unarmed Combat
  9621 | D:9      | Reached skill level 5 in Evocations
  9815 | D:9      | Found Lulomes's Magic Scroll Shoppe.
  9940 | D:9      | Reached **** piety under Ashenzari
 10140 | D:9      | Bought a scroll of remove curse for 39 gold pieces
 10140 | D:9      | Bought a scroll of remove curse for 39 gold pieces
 10150 | D:9      | Learned a level 2 spell: Searing Ray
 10168 | D:10     | Entered Level 10 of the Dungeon
 10195 | D:10     | Found a transporter.
 10202 | D:10     | Noticed Statics's ghost (journeyman GnWn)
 10222 | D:10     | Found a transporter.
 10244 | D:10     | Noticed a moth of wrath
 10263 | D:10     | Reached skill level 6 in Invocations
 10356 | D:10     | Reached XP level 11. HP: 60/84 MP: 20/22
 10817 | D:10     | Reached ***** piety under Ashenzari
 10818 | D:10     | Found Vanuis Ruiz's Distillery.
 12721 | D:11     | Noticed a brown ugly thing
 12737 | D:11     | Killed a brown ugly thing
 12936 | D:11     | Found an opulent altar of Gozag.
 13041 | D:11     | Reached skill level 5 in Conjurations
 13041 | D:11     | Reached skill level 5 in Hexes
 13041 | D:11     | Reached skill level 5 in Summonings
 13041 | D:11     | Reached skill level 5 in Necromancy
 13041 | D:11     | Reached skill level 5 in Translocations
 13041 | D:11     | Reached skill level 5 in Transmutations
 13041 | D:11     | Reached skill level 5 in Fire Magic
 13041 | D:11     | Reached skill level 5 in Ice Magic
 13041 | D:11     | Reached skill level 5 in Air Magic
 13041 | D:11     | Reached skill level 5 in Earth Magic
 13041 | D:11     | Reached skill level 5 in Poison Magic
 13322 | D:11     | Noticed a five-headed hydra
 13334 | D:11     | Killed a five-headed hydra
 13344 | D:11     | Found a staircase to the Orcish Mines.
 13456 | D:11     | Reached skill level 7 in Invocations
 14906 | D:8      | Noticed a moth of wrath
 15152 | D:12     | Noticed a manticore
 15190 | D:12     | Killed a manticore
 15255 | D:12     | Noticed a purple ugly thing
 15255 | D:12     | Noticed a two-headed ogre
 15294 | D:12     | Killed a purple ugly thing
 15301 | D:12     | Killed a two-headed ogre
 15301 | D:12     | Reached XP level 12. HP: 65/93 MP: 21/24
 15543 | Orc:1    | Entered Level 1 of the Orcish Mines
 15741 | Orc:1    | Noticed Josephine
 16198 | D:11     | Killed Josephine
 16660 | Orc:2    | Entered Level 2 of the Orcish Mines
 16662 | Orc:2    | Found a staircase to the Elven Halls.
 16929 | Orc:1    | Paralysed by an orc sorcerer for 7 turns
 17260 | Orc:1    | Found a large runed translucent door.
 17260 | Orc:1    | Found a large runed translucent door.
 17260 | Orc:1    | Noticed Frank's ghost (journeyman DsFi)
 17683 | Orc:2    | Found a roughly hewn altar of Beogh.
 18477 | Orc:1    | Reached skill level 8 in Invocations
 18638 | Orc:2    | Noticed an orc high priest
 18641 | Orc:2    | Noticed a sun demon
 18684 | Orc:2    | Killed an orc high priest
 18799 | Orc:2    | Paralysed by an orc sorcerer for 4 turns
 19367 | Orc:2    | Noticed an orc high priest
 19378 | Orc:2    | Noticed a soul eater
 19476 | Orc:2    | Killed an orc high priest
 19577 | Orc:2    | Found Oghosch's Jewellery Emporium.
 19578 | Orc:2    | Noticed an orc high priest
 19627 | Orc:2    | Found Orieh's Assorted Antiques.
 19668 | Orc:2    | Found Tobeddec's Assorted Antiques.
 19676 | Orc:2    | Killed an orc high priest
 19676 | Orc:2    | Reached XP level 13. HP: 101/101 MP: 26/26
 19677 | Orc:2    | Found Xieguigh's Magic Scroll Emporium.
 19704 | Orc:2    | Bought a scroll of enchant armour for 127 gold pieces
 19704 | Orc:2    | Bought a scroll of remove curse for 51 gold pieces
 19704 | Orc:2    | Bought a scroll of remove curse for 51 gold pieces
 19704 | Orc:2    | Bought a scroll of enchant armour for 127 gold pieces
 19704 | Orc:2    | Bought a scroll of remove curse for 51 gold pieces
 19704 | Orc:2    | Bought a scroll of remove curse for 51 gold pieces
 19993 | Lair:1   | Entered Level 1 of the Lair of Beasts
 20389 | Lair:1   | Reached ****** piety under Ashenzari
 22090 | Lair:3   | Identified the +5 mace of Springtime {flame, rF+ MR- SInv}
 22309 | Lair:3   | Reached skill level 9 in Invocations
 22330 | Lair:3   | Identified the +1 robe "Igolaciw" {+Inv Int+4}
 22486 | Lair:3   | Found a hole to the Spider Nest.
 22641 | Lair:3   | Found a staircase to the Swamp.
 23741 | Lair:4   | Reached skill level 10 in Spellcasting
 23820 | Lair:4   | Reached XP level 14. HP: 72/109 MP: 25/28
 24705 | Lair:4   | Reached skill level 10 in Fighting
 24705 | Lair:4   | Reached skill level 10 in Polearms
 24705 | Lair:4   | Reached skill level 10 in Dodging
 25137 | Lair:5   | Learned a level 3 spell: Stone Arrow
 25211 | Lair:5   | Learned a level 2 spell: Passwall
 25218 | Lair:5   | Found a dark tunnel.
 25286 | Volcano  | Entered a volcano
 26010 | Volcano  | Found a burning altar of Makhleb.
 27180 | Lair:5   | Found a viscous altar of Jiyva.
 27180 | Lair:5   | Found a staircase to the Slime Pits.
 27628 | Lair:6   | Entered Level 6 of the Lair of Beasts
 27677 | Lair:6   | Reached skill level 10 in Invocations
 27997 | Lair:6   | Found a runed translucent door.
 27997 | Lair:6   | Found a shimmering altar of Xom.
 27997 | Lair:6   | Noticed Verendum's ghost (journeyman MfAK)
 28497 | Lair:6   | Reached skill level 10 in Armour
 28497 | Lair:6   | Reached XP level 15. HP: 117/117 MP: 29/29
 30209 | Spider:1 | Entered Level 1 of the Spider Nest
 30278 | Spider:1 | Reached XP level 16. HP: 62/124 MP: 22/30
 30970 | Spider:1 | Reached skill level 10 in Charms
 31455 | D:9      | Bought a scroll of teleportation for 39 gold pieces
 31455 | D:9      | Bought a scroll of silence for 97 gold pieces
 31455 | D:9      | Bought a scroll of enchant weapon for 97 gold pieces
 31455 | D:9      | Bought a scroll of teleportation for 39 gold pieces
 31455 | D:9      | Bought a scroll of enchant armour for 97 gold pieces
 31522 | D:10     | Reached skill level 10 in Short Blades
 31522 | D:10     | Reached skill level 10 in Long Blades
 31522 | D:10     | Reached skill level 10 in Axes
 31522 | D:10     | Reached skill level 10 in Maces & Flails
 31522 | D:10     | Reached skill level 10 in Staves
 31522 | D:10     | Reached skill level 10 in Slings
 31522 | D:10     | Reached skill level 10 in Bows
 31522 | D:10     | Reached skill level 10 in Crossbows
 31522 | D:10     | Reached skill level 10 in Throwing
 31522 | D:10     | Reached skill level 10 in Stealth
 31522 | D:10     | Reached skill level 10 in Shields
 31522 | D:10     | Reached skill level 10 in Unarmed Combat
 31522 | D:10     | Reached skill level 10 in Evocations
 31542 | D:10     | Killed Statics's ghost
 31902 | D:6      | Killed fatnat's ghost
 32590 | Spider:2 | Found a frozen archway.
 32596 | IceCv    | Entered an ice cave
 32901 | IceCv    | Reached skill level 11 in Invocations
 33176 | IceCv    | Noticed an Ice Fiend
 33177 | IceCv    | Identified the +3 leather armour of Tuvidiq {rPois Str+2
                  | Stlth+}
 33186 | IceCv    | Killed an Ice Fiend
 33827 | Spider:2 | Identified the ring "Madukhlal" {rPois rN+ Int-3 Dex+3}
 35085 | Spider:3 | Noticed Jorgrun
 35098 | Spider:3 | Killed Jorgrun
 35579 | Spider:3 | Identified Roxanne's Papyrus of Earth
 35579 | Spider:3 | Noticed Roxanne
 36047 | Spider:3 | Killed Roxanne
 36120 | Spider:3 | Reached XP level 17. HP: 111/131 MP: 29/32
 36688 | Spider:4 | Entered Level 4 of the Spider Nest
 36688 | Spider:4 | Noticed Asterion
 38683 | Spider:4 | Noticed an Executioner
 39551 | Swamp:1  | Entered Level 1 of the Swamp
 40358 | Swamp:1  | Reached skill level 12 in Invocations
 41185 | Swamp:1  | Noticed a tentacled monstrosity
 41236 | Swamp:1  | Killed a tentacled monstrosity
 42604 | Swamp:2  | Found a runed translucent gate.
 42605 | Swamp:2  | Found a runed translucent gate.
 42606 | Swamp:2  | Found a runed translucent gate.
 42606 | Swamp:2  | Noticed Sassenached's ghost (journeyman OgEE)
 43484 | Swamp:2  | Reached XP level 18. HP: 140/140 MP: 31/34
 43513 | Swamp:2  | Identified a scroll of acquirement
 44399 | Swamp:3  | Found a white marble altar of Elyvilon.
 44718 | Swamp:4  | Entered Level 4 of the Swamp
 45445 | Swamp:4  | Reached skill level 10 in Conjurations
 45445 | Swamp:4  | Reached skill level 10 in Hexes
 45445 | Swamp:4  | Reached skill level 10 in Summonings
 45445 | Swamp:4  | Reached skill level 10 in Necromancy
 45445 | Swamp:4  | Reached skill level 10 in Translocations
 45445 | Swamp:4  | Reached skill level 10 in Transmutations
 45445 | Swamp:4  | Reached skill level 10 in Fire Magic
 45445 | Swamp:4  | Reached skill level 10 in Ice Magic
 45445 | Swamp:4  | Reached skill level 10 in Air Magic
 45445 | Swamp:4  | Reached skill level 10 in Earth Magic
 45445 | Swamp:4  | Reached skill level 10 in Poison Magic
 45833 | Swamp:4  | Got a decaying rune of Zot
 49760 | Spider:4 | Got a gossamer rune of Zot
 51127 | D:12     | Noticed Nergalle
 51141 | D:12     | Reached skill level 13 in Invocations
 51153 | D:12     | Killed Nergalle
 51410 | D:12     | Noticed Rupert
 51422 | D:12     | Killed Rupert
 51970 | D:13     | Reached XP level 19. HP: 148/148 MP: 31/35
 52008 | D:13     | Found a gate to the Vaults.
 52320 | D:13     | Learned a level 5 spell: Summon Mana Viper
 52502 | D:14     | Learned a level 3 spell: Confuse
 52507 | D:14     | Found a shadowy altar of Dithmenos.
 52553 | D:14     | Found Qess's Jewellery Boutique.
 53912 | D:15     | Entered Level 15 of the Dungeon
 54242 | D:15     | Found a staircase to the Depths.
 54875 | D:15     | Found Sugyokh's Weapon Shoppe.
 55012 | D:14     | Bought the ring of the Forgotten Dances {rF++ Int+2 Dex+2
                  | Slay+2 SInv} for 780 gold pieces
 55043 | Vaults:1 | Entered Level 1 of the Vaults
 56030 | Vaults:1 | Found Jyefeph's Jewellery Shoppe.
 56891 | Vaults:1 | Noticed a lich
 56905 | Vaults:1 | Killed a lich
 56905 | Vaults:1 | Reached XP level 20. HP: 141/157 MP: 37/37
 57927 | Vaults:2 | Found a staircase to the Crypt.
 58227 | Vaults:2 | Found Jusehid's Antique Armour Boutique.
 58251 | Vaults:2 | Bought the +2 shield of Resistance {rF+ rC+ MR+} for 1109
                  | gold pieces
 58251 | Vaults:2 | Found the +2 shield of Resistance {rF+ rC+ MR+}
 58251 | Vaults:2 | Bought a glowing helmet for 202 gold pieces
 58475 | Vaults:2 | Reached skill level 14 in Invocations
 59415 | Vaults:3 | Found a portal to a secret trove of treasure.
 59511 | Vaults:3 | Found a flickering gateway to a bazaar.
 59559 | Bazaar   | Entered a bazaar
 59559 | Bazaar   | Found Diphoe's Distillery.
 59559 | Bazaar   | Found Murghot's Jewellery Emporium.
 59560 | Bazaar   | Found Ceox's Jewellery Shoppe.
 59560 | Bazaar   | Found Kuxiel's Book Emporium.
 60000 | Vaults:3 | Reached XP level 21. HP: 165/165 MP: 35/39
 60933 | Vaults:3 | Identified the +7 short sword "Jyll" {pierce, +Fly}
 61589 | Vaults:4 | Identified the cursed +0 cloak of the Big Bang {Dex+5
                  | Stlth+}
 61692 | Vaults:4 | Noticed Xtahua
 61717 | Vaults:4 | Killed Xtahua
 63729 | Vaults:4 | Reached skill level 15 in Invocations
 64075 | Vaults:4 | Reached XP level 22. HP: 118/173 MP: 33/40
 64966 | Vaults:5 | Entered Level 5 of the Vaults
 65460 | Vaults:5 | Identified the cursed +0 arbalest "Tormentor" {elec, rF+
                  | MP+9 Str+4 Int+3}
 65473 | Vaults:5 | Killed from afar by a storm dragon

Skill      XL: |  1  2  3  4  5  6  7  8  9 10 11 12 13 14 15 16 17 18 19 20 21 22 |
---------------+-------------------------------------------------------------------+-----
Spellcasting   | 5 6 7 8 9 10 11 12 13 14 | 14.8
Invocations    | 1 2 3 4 5 6 7 8 9 10 11 12 13 14 15 | 15.2
Short Blades   | 1 2 3 4 5 6 7 8 9 10 11 12 13 14 | 14.1
Long Blades    | 1 2 3 4 5 6 7 8 9 10 11 12 13 14 | 14.1
Axes           | 1 2 3 4 5 6 7 8 9 10 11 12 13 14 | 14.1
Maces & Flails | 1 2 3 4 5 6 7 8 9 10 11 12 13 14 | 14.1
Staves         | 1 2 3 4 5 6 7 8 9 10 11 12 13 14 | 14.1
Slings         | 1 2 3 4 5 6 7 8 9 10 11 12 13 14 | 14.1
Bows           | 1 2 3 4 5 6 7 8 9 10 11 12 13 14 | 14.1
Crossbows      | 1 2 3 4 5 6 7 8 9 10 11 12 13 14 | 14.1
Throwing       | 1 2 3 4 5 6 7 8 9 10 11 12 13 14 | 14.1
Stealth        | 1 2 3 4 5 6 7 8 9 10 11 12 13 14 | 14.1
Shields        | 1 2 3 4 5 6 7 8 9 10 11 12 13 14 | 14.1
Unarmed Combat | 1 2 3 4 5 6 7 8 9 10 11 12 13 14 | 14.1
Evocations     | 1 2 3 4 5 6 7 8 9 10 11 12 13 14 | 14.1
Conjurations   | 1 2 3 4 5 6 7 8 9 10 11 12 | 12.1
Hexes          | 1 2 3 4 5 6 7 8 9 10 11 12 | 12.1
Summonings     | 1 2 3 4 5 6 7 8 9 10 11 12 | 12.1
Necromancy     | 1 2 3 4 5 6 7 8 9 10 11 12 | 12.1
Translocations | 1 2 3 4 5 6 7 8 9 10 11 12 | 12.1
Transmutations | 1 2 3 4 5 6 7 8 9 10 11 12 | 12.1
Fire Magic     | 1 2 3 4 5 6 7 8 9 10 11 12 | 12.1
Ice Magic      | 1 2 3 4 5 6 7 8 9 10 11 12 | 12.1
Air Magic      | 1 2 3 4 5 6 7 8 9 10 11 12 | 12.1
Earth Magic    | 1 2 3 4 5 6 7 8 9 10 11 12 | 12.1
Poison Magic   | 1 2 3 4 5 6 7 8 9 10 11 12 | 12.1
Armour         | 3 4 5 6 7 8 9 10 11 12 13 14 | 14.3
Fighting       | 5 6 7 8 9 10 11 12 13 14 | 14.7
Polearms       | 5 6 7 8 9 10 11 12 13 14 | 14.7
Dodging        | 5 6 7 8 9 10 11 12 13 14 | 14.7
Charms         | 6 7 8 9 10 11 12 13 | 13.1

Action                   |  1- 3 |  4- 6 |  7- 9 | 10-12 | 13-15 | 16-18 | 19-21 | 22-24 || total
-------------------------+-------+-------+-------+-------+-------+-------+-------+-------++-------
Melee: Spear             |   213 |   172 |   180 |   805 |  1222 |  1971 |  1955 |   160 ||  6678
       Bite              |    25 |    22 |    68 |   111 |   171 |   295 |   341 |    37 ||  1070
       Punch             |     1 |       |       |       |       |       |       |       ||     1
       Trident           |       |    64 |   375 |       |       |       |       |       ||   439
       Unarmed           |       |       |     3 |       |       |       |       |       ||     3
 Fire: Hunting sling     |       |       |       |       |       |   334 |       |       ||   334
Throw: Stone             |       |       |       |    10 |       |       |       |       ||    10
 Cast: Spectral Weapon   |     2 |     1 |     6 |    54 |    60 |   114 |    82 |     9 ||   328
       Regeneration      |     2 |     1 |       |     5 |     7 |     7 |     4 |     1 ||    27
       Passwall          |       |       |       |       |     1 |     2 |     1 |       ||     4
       Stone Arrow       |       |       |       |       |       |    19 |       |       ||    19
       Summon Mana Viper |       |       |       |       |       |       |     1 |       ||     1
Invok: Curse Item        |       |       |     5 |     3 |     3 |     4 |     3 |       ||    18
Evoke: Wand              |       |       |     2 |       |       |       |       |       ||     2
  Use: Scroll            |       |       |    10 |     7 |    20 |    26 |     6 |     4 ||    73
       Potion            |       |       |       |     2 |     3 |     6 |     2 |       ||    13
 Stab: Sleeping          |       |     5 |     9 |     6 |       |       |       |       ||    20
       Distracted        |       |       |     1 |    11 |    24 |    33 |    45 |     6 ||   120
       Petrified         |       |       |       |       |       |       |     6 |       ||     6
       Petrifying        |       |       |       |       |       |       |     1 |       ||     1
  Eat: Chunk             |       |     9 |    14 |    22 |    18 |    12 |    16 |     5 ||    96
       Ration            |       |       |     2 |     3 |     5 |    17 |     7 |       ||    34
Armor: Leather armour    |    38 |    24 |       |       |       |       |       |       ||    62
       Ring mail         |       |    21 |       |       |       |       |       |       ||    21
       Chain mail        |       |    18 |    19 |       |   295 |       |       |       ||   332
       Scale mail        |       |       |   168 |   152 |       |       |       |       ||   320
       Gold dragon scale |       |       |       |       |    12 |  1166 |   401 |    64 ||  1643
Dodge: Dodged            |   129 |   101 |   169 |   268 |   280 |   511 |   195 |    32 ||  1685
Block: Shield            |       |    28 |   212 |   239 |   411 |  1652 |   829 |   143 ||  3514
       Reflection        |       |       |       |       |       |    20 |   122 |     7 ||   149
